 Dungeon Crawl Stone Soup version 0.31-a0-795-g5eb97db20b (webtiles) character file.

Game seed: 11594315477909400756

11 cforsyth the Sneak (level 2, -14/25 HPs)
             Began as a Djinni Delver on Sept 18, 2023.
             Demolished by an ogre
             ... wielding a +0 giant club
              (32 damage)
             ... on level 4 of the Dungeon.
             The game lasted 00:00:33 (166 turns).

cforsyth the Sneak (Djinni Delver)                   Turns: 166, Time: 00:00:33

Health: -14/25     AC:  3    Str: 11    XL:     2   Next: 35%
Gold:   0          EV: 12    Int: 11    God:
                   SH:  0    Dex: 14

rFire   + + .        a - +0 falchion
rCold   x . .        (no shield)
rNeg    . . .        b - +0 leather armour
rPois   ∞            (no helmet)
rElec   .            (no cloak)
rCorr   .            (no gloves)
SInv    .            (boots unavailable)
Will    .....        (no amulet)
Stlth   ++           (no ring)
HPRegen 0.24/turn    (no ring)
MPRegen 0.00/turn

%: infuse magic (-15 HP)
@: flying
A: sickness immunity, fire resistance 2, cold vulnerability 1, float, innate
caster, HP casting, extra vitality 1
a: no special abilities


You were on level 4 of the Dungeon.
You visited 1 branch of the dungeon, and saw 2 of its levels.

Inventory:

Hand Weapons
 a - a +0 falchion (weapon)
Armour
 b - a +0 leather armour (worn)
Wands
 g - a wand of digging (3)
Scrolls
 c - a scroll of fog
 d - a scroll of revelation
Potions
 f - a potion of haste


   Skills:
 + Level 3.3 Fighting
 - Level 1.7 Long Blades
 - Level 2.1 Dodging
 - Level 4.1 Stealth
 + Level 0.7 Spellcasting
 + Level 0.7 Conjurations
 + Level 0.7 Hexes
   Level 0.0 Charms
 + Level 0.7 Summonings
 + Level 0.7 Necromancy
 + Level 0.7 Translocations
 + Level 0.7 Transmutations
 + Level 0.7 Fire Magic
 + Level 0.7 Ice Magic
 + Level 0.7 Air Magic
 + Level 0.7 Earth Magic
 + Level 0.7 Poison Magic You didn't know any spells. Your spell library was empty.

Dungeon Overview and Level Annotations

Branches:
Dungeon (5/15)
 Temple: D:4-7

Altars:

Shops:
D:4 *


Innate Abilities, Weirdness & Mutations

You are immune to sickness and miasma.
You are immune to poison.
Your flesh is very heat resistant. (rF++)
You are vulnerable to cold. (rC-)
You float through the air rather than walking.
You learn spells naturally, not from books.
Your magical power is your life essence.
You have superior vitality. (+4 MHP)


Message History

You slash the goblin!
You kill the goblin!
You barely miss the ogre. The ogre hits you with a +0 giant club!
Ouch! That really hurt!
You are too injured to fight recklessly!
You are too injured to fight recklessly!
You are too injured to fight recklessly!
You are too injured to fight recklessly!
As you read the scroll of fear, it crumbles to dust.
You assume a fearsome visage.
The ogre looks frightened!
There is an entrance to Elaen's Mayhem Merchandise here.
Found 9 stones.
Found 5 poisoned darts.
HP restored.
Found 5 stones.
No target in view!
A quokka comes into view.
A quokka is nearby!
A quokka is nearby!
A ball python comes into view.
Found a spear.
You barely miss the ball python. The ball python barely misses you.
The ball python grabs you. The ball python constricts you.
You barely miss the ball python. The quokka barely misses you.
The ball python bites you but does no damage.
The ball python constricts you.
The quokka bites you but does no damage.
You slash the ball python!
You kill the ball python!
The quokka bites you.
You barely miss the quokka. The quokka bites you. x2
You barely miss the quokka. The quokka completely misses you.
You hit the quokka.
The quokka is severely wounded.
The quokka bites you. The quokka misses you.
You completely miss the quokka.
The quokka is heavily wounded.
The ogre hits you with a +0 giant club!!
Ouch! That really hurt!
You die...

............#
###.........##....#
#.........##....#
#(#.......#.....#
#.#.............#
#..........#....# .
###.##.....#....###...
#.##.##.....Or......
#.##........@.#
#.##.##..#..........
#.##.......$....#...
#.##......#####.# .
#.##......# .).
#.##.#.##.# ###
#..#...##.#
##....###.. #....# ...


You could see an ogre and a quokka.

Vanquished Creatures
  An adder (D:5)
  A ball python (D:4)
  A goblin (D:4)
3 creatures vanquished.

Vanquished Creatures (others)
  A human (D:5)
1 creature vanquished.

Grand Total: 4 creatures vanquished

Notes
Turn   | Place    | Note
-------+----------+-------------------------------------------
     0 | D:5      | cforsyth the Djinni Delver began the quest for the Orb.
     0 | D:5      | Reached XP level 1. HP: 20/20 MP: 0/0
     6 | D:5      | Noticed a human
     9 | D:5      | Killed a human
    27 | D:5      | Reached XP level 2. HP: 19/25 MP: 0/0
    78 | D:4      | Found Elaen's Mayhem Merchandise.
    82 | D:4      | Noticed an ogre
   166 | D:4      | Demolished by an ogre

Illustrated notes

Levels and vault maps discovered:
D:4:      layout_rooms, lemuel_coloured_pillars_altar, minmay_shop_mayhem
D:5:      layout_rooms, gammafunk_temple_overflow_elements, xom_teletrap_fun,
          zin_scriptorium, tgw_kikubaaqudgha, mainiacjoe_overflow_chevrons

Action                     || total
---------------------------++-------
  Melee: Falchion          ||    17
    Use: Scroll            ||     1
 Armour: Leather armour    ||    14
  Dodge: Dodged            ||     8

Table legend: (Time is in decaauts)
 A = Elapsed time spent in this place.
 B = Non-inter-level travel time spent in this place.
 C = Inter-level travel time spent in this place.
 D = Time resting spent in this place.
 E = Time spent auto-exploring this place.
 F = Levels seen in this place.
 G = Mean time per level.
                   A        B        C        D        E       F      G
               +--------+--------+--------+--------+--------+-----+--------+
         Total |    169 |    169 |      0 |      0 |     72 |   2 |   84.5 |
       Dungeon |    169 |    169 |      0 |      0 |     72 |   2 |   84.5 |
               +--------+--------+--------+--------+--------+-----+--------+

Top non-repeatable levels by time:
     D:4: 90 daAuts
     D:5: 79 daAuts
